AoeStats
← Alain7425

Arena

510710622Analyzed
2v2 RM · 2d ago on Oct 2, 2026· 46m 15s· 4 players
Game mode
Random Map
Map size
Medium (4 player)
Population
200
Speed
Normal
Resources
Standard
Victory
Conquest
Starting age
Dark Age
Ending age
Imperial Age
RankedLock teamsTeams togetherTeam positionsShared explorationLock speedFull tech treeHidden civsTurbo modeCheats
Victory
Defeat
🇵🇬 Italians · Papua New Guinea
798
+13
🇸🇬 Teutons · Singapore
794
+14
🇲🇽 Huns · Mexico
763
-14
🇲🇽 Chinese · Mexico
736
-13
HUIJIAN
9:11 Loom
11:52 Feudal Age
12:23 Double-Bit Axe
12:59 Horse Collar
15:59 Wheelbarrow
18:24 Castle Age
16:52 Stone Mining
16:55 Gold Mining
19:44 Bow Saw
20:30 Pikeman
21:33 Forging
21:24 Scale Mail Armor
29:39 Fortified Wall
29:50 Ballistics
33:42 Imperial Age
31:49 Hand Cart
31:23 Elite Skirmisher
33:41 Fletching
33:51 Padded Archer Armor
34:31 Masonry
34:00 Halberdier
35:03 Conscription
35:12 Heavy Plow
35:25 Bodkin Arrow
35:46 Leather Archer Armor
37:15 Chemistry
36:01 Arrowslits
37:39 Siege Engineers
38:18 Ironclad
39:01 Ring Archer Armor
42:09 Iron Casting
41:40 Scale Barding Armor
41:51 Chain Mail Armor
43:35 Two-Man Saw
42:16 Elite Teutonic Knight
44:40 Blast Furnace
44:01 Chain Barding Armor
47:01 Plate Mail Armor
LyricLearner240
2:46 Loom
2:50 Loom
11:41 Feudal Age
12:13 Double-Bit Axe
12:36 Stone Mining
15:17 Horse Collar
15:29 Gold Mining
20:38 Castle Age
20:02 Fletching
20:13 Padded Archer Armor
20:19 Arson
21:10 Crossbowman
22:22 Bodkin Arrow
27:19 Ballistics
26:55 Murder Holes
28:15 Pikeman
31:01 Fortified Wall
31:46 Fervor
36:16 Imperial Age
34:22 Squires
36:55 Leather Archer Armor
37:58 Chemistry
37:02 Bracer
38:09 Ring Archer Armor
38:20 Conscription
39:32 Elite Genoese Crossbowman
39:50 Elite Skirmisher
Alain7425
0:27 Loom
11:38 Feudal Age
16:54 Castle Age
15:31 Forging
15:26 Scale Barding Armor
16:42 Bloodlines
17:49 Husbandry
17:43 Light Cavalry
27:09 Double-Bit Axe
27:10 Horse Collar
28:14 Thumb Ring
28:54 Ballistics
28:32 Fletching
32:09 Chain Barding Armor
36:01 Squires
35:46 Arson
36:01 Bodkin Arrow
36:42 Iron Casting
42:33 Town Watch
43:24 Wheelbarrow
Hisaocuellar
11:13 Feudal Age
17:21 Castle Age
15:29 Horse Collar
15:48 Double-Bit Axe
18:42 Thumb Ring
19:43 Ballistics
20:14 Thumb Ring
21:36 Fletching
24:36 Bodkin Arrow
28:55 Padded Archer Armor
34:42 Great Wall
34:57 Fortified Wall
35:39 Guard Tower
41:16 Imperial Age
39:44 Leather Archer Armor
41:21 Heavy Rocket Cart
42:44 Rocketry
Connection lost

Rejoining the realm…

Still unreachable

The connection could not be restored.

Session expired

The server has moved on; the page needs a fresh start.